 Dungeon Crawl Stone Soup version 0.30-a0-591-g3c58d2bc28 (webtiles) character file.

Game seed: 1750409800114567293

375 wormed the Changer (level 6, -1/38 HPs)
             Began as an Octopode Transmuter on Jan 4, 2023.
             Was an Initiate of Gozag.
             Splashed by a jelly's acid (7 damage)
             ... on level 5 of the Dungeon.
             The game lasted 00:04:30 (3520 turns).

wormed the Changer (Octopode Transmuter)            Turns: 3520, Time: 00:04:30

Health: -1/38      AC: -3    Str:  9    XL:     6   Next: 73%
Magic:  11/11      EV: 13    Int: 17    God:    Gozag
Gold:   88         SH:  0    Dex: 13    Spells: 5/12 levels left

rFire   . . .      SeeInvis .      - Unarmed
rCold   . . .      Faith    .    (no shield)
rNeg    . . .      Spirit   .    (helmet currently unavailable)
rPois   .          Reflect  .    b - amulet of magic regeneration
rElec   .          Harm     .    (no ring)
rCorr   .          Rampage  .    (no ring)
Will    .....                    (no ring)
Stlth   ++                       (no ring)
HPRegen 0.26/turn                (no ring)
MPRegen 0.52/turn                (no ring)
                                 (no ring)
                                 (no ring)

@: lethally poisoned (-1 -> -10), appendages, wereblooded, corroded, gold aura
A: tentacle spike 3, almost no armour, amphibious, 8 rings, camouflage 1,
gelatinous body 1, (nimble swimmer 1), tentacles
a: End Transformation, Renounce Religion, Potion Petition, Call Merchant, Bribe
Branch


You were on level 5 of the Dungeon.
You worshipped Gozag.
Gozag was noncommittal.
One of your tentacles had grown a beastly spike.
You visited 2 branches of the dungeon, and saw 6 of its levels.

You collected 242 gold pieces.
You paid 154 gold pieces to Gozag.

Inventory:

Jewellery
 b - an amulet of magic regeneration (around mantle)
 e - an amulet of reflection
Scrolls
 a - a scroll of magic mapping {unknown}
 c - a scroll of noise {unknown}
 f - a scroll of enchant armour
 i - a scroll of teleportation
Potions
 d - a potion of might {unknown}
 g - 2 potions of attraction {unknown}


   Skills:
 - Level 1.0 Fighting
 - Level 2.0 Dodging
 - Level 3.0 Unarmed Combat
 + Level 3.9 Spellcasting
 + Level 4.2 Transmutations
 + Level 3.6 Ice Magic


You had 5 spell levels left.
You knew the following spells:

 Your Spells              Type           Power      Damage    Failure   Level
a - Beastly Appendage     Tmut           34%        N/A       2%          1
b - Wereblood             Tmut           17%        N/A       4%          2
c - Ice Form              Ice/Tmut       16%        N/A       30%         4

Your spell library contained the following spells:

 Spells                   Type           Power      Damage    Failure   Level
 Spider Form              Tmut/Pois      10%        N/A       21%         3
 Gell's Gravitas          Tloc           3%         N/A       43%         3
 Teleport Other           Tloc           3%         N/A       43%         3
 Leda's Liquefaction      Hex/Erth       1%         N/A       85%         4
 Lee's Rapid Deconstruct  Erth           1%         3d4*      99%         5
 Dispersal                Tloc           1%         N/A       100%        6
 Statue Form              Tmut/Erth      6%         N/A       100%        6


Dungeon Overview and Level Annotations

Branches:
Dungeon (5/15)             Temple (1/1) D:5

Altars:
Cheibriados
Dithmenos
Fedhas
Gozag
Kikubaaqudgha
Makhleb
Ru
Sif Muna
Uskayaw
Vehumet
Wu Jian
Xom
Yredelemnul
Zin

Shops:
D:1 [

Annotations:
D:2 1 runed translucent door, Crazy Yiuf
D:3 3 runed translucent doors, Iich's ghost, amateur DsGl
D:4 Sigmund


Innate Abilities, Weirdness & Mutations

One of your tentacles has grown a beastly spike.
You cannot wear most types of armour.
You are amphibious.
You can wear up to eight rings at the same time.
Your skin changes colour to match your surroundings (Stealth+).
Your rubbery body absorbs attacks. (AC +1, EV +1)
((You are camouflaged when in or above water. (Stealth+)))
You have tentacles for arms and can constrict up to eight enemies at once.


Message History

The scorpion is heavily wounded.
You feel very sick. The scorpion misses you.
You barely miss the scorpion. You grab the scorpion.
Your tentacle spike misses the scorpion.
The scorpion is heavily wounded.
You constrict the scorpion.
You feel very sick. The scorpion misses you.
You tentacle-slap the scorpion.
The scorpion is severely wounded.
You constrict the scorpion, but do no damage.
You feel sick. The scorpion stings you.
You barely miss the scorpion.
The scorpion is severely wounded.
You constrict the scorpion, but do no damage.
You feel sick. The scorpion barely misses you.
You tentacle-slap the scorpion.
The scorpion is severely wounded.
You constrict the scorpion.
You feel sick. The scorpion closely misses you.
The scorpion completely misses you.
You tentacle-slap the scorpion.
You pierce the scorpion, but do no damage.
The scorpion is almost dead.
You constrict the scorpion.
You feel sick. The scorpion stings you.
You are more poisoned.
The scorpion poisons you!
You tentacle-slap the scorpion.
You feel a bit better.
You kill the scorpion!
You feel very sick.
You tentacle-slap the jelly. The acid corrodes you!
Your tentacles burn!
* * * LOW HITPOINT WARNING * * *
You pierce the jelly, but do no damage.
The jelly is lightly wounded.
* * * LOW HITPOINT WARNING * * *
You feel sick. The jelly hits you.
* * * LOW HITPOINT WARNING * * *
You are splashed with acid!
You die...
Your body crumbles into a pile of gold.

#.....# .............
#.)..!# .............
#.....# .............
###.....# #.......##..
#.......############'###..
#.......#....#........##..
#.......#....'........##..
+.......J....#.>..........
#.......#@...#............
#.......#....#............
#.......#....#............
#.......#....##...........
........#....##.......##..
#########....##.......##..
#..............##..
..............##..
#....##...........


You could see a jelly.

Vanquished Creatures
  A water moccasin (D:5)
  2 scorpions (D:5)
  A hound (D:5)
  2 iguanas
  2 adders
  4 dart slugs (D:1)
  An orc (D:3)
  7 ball pythons
  2 endoplasms
  2 giant cockroaches (D:3)
  2 goblins (D:2)
  5 hobgoblins
  8 kobolds
  3 quokkas
  4 bats
  6 frilled lizards
  4 rats
56 creatures vanquished.

Notes
Turn   | Place    | Note
-------+----------+-------------------------------------------
     0 | D:1      | wormed the Octopode Transmuter began the quest for the Orb.
     0 | D:1      | Reached XP level 1. HP: 13/13 MP: 3/3
    47 | D:1      | Found Mustran's Armour Emporium.
    70 | D:1      | Reached XP level 2. HP: 18/18 MP: 3/5
   254 | D:1      | Reached skill level 1 in Ice Magic
   472 | D:1      | Reached XP level 3. HP: 23/23 MP: 4/6
   475 | D:1      | Learned a level 2 spell: Wereblood
  1482 | D:2      | Found a runed translucent door.
  1483 | D:2      | Noticed Crazy Yiuf
  1717 | D:3      | Found a runed translucent gate.
  1717 | D:3      | Found a runed translucent gate.
  1717 | D:3      | Found a runed translucent gate.
  1719 | D:3      | Found an opulent altar of Gozag.
  1719 | D:3      | Noticed a water moccasin
  1720 | D:3      | Noticed Iich's ghost (amateur DsGl)
  1799 | D:3      | Reached XP level 4. HP: 28/28 MP: 6/8
  1837 | D:3      | Learned a level 4 spell: Ice Form
  1925 | D:3      | Reached skill level 3 in Transmutations
  2694 | D:4      | Noticed Sigmund
  2717 | D:5      | Entered Level 5 of the Dungeon
  2744 | D:5      | Reached XP level 5. HP: 16/33 MP: 9/9
  3135 | D:5      | Found a staircase to the Ecumenical Temple.
  3168 | Temple   | Entered the Ecumenical Temple
  3273 | Temple   | Became a worshipper of Gozag Ym Sagoz the Greedy
  3314 | D:5      | Noticed a water moccasin
  3323 | D:5      | Killed a water moccasin
  3324 | D:5      | Reached skill level 4 in Transmutations
  3324 | D:5      | Reached XP level 6. HP: 38/38 MP: 11/11
  3520 | D:5      | Splashed by a jelly's acid

Illustrated notes

Levels and vault maps discovered:
D:1:      amcnicky_arrival_underground_garden, layout_basic, serial_shops,
          nicolae_shop_stone
D:2:      layout_loops_ring, uniq_crazy_yiuf_cottage
D:3:      layout_loops_ring, serial_rivers, chequers_serial_rivers_micro_e,
          chequers_serial_rivers_micro_b, chequers_serial_rivers_room_a,
          chequers_serial_rivers_micro_d, ebering_ghost_gozag
D:4:      layout_loops_ring, kennysheep_little_box, minmay_misc_feat_enclosed,
          uniq_duvessa, uniq_sigmund, uniq_edmund, uniq_blork_the_orc
D:5:      layout_gridville, amcnicky_altar_gilded, minmay_temple_entry_arrows,
          sword_in_stone
Temple:   jpeg_temple_clearing

Skill      XL: |  1  2  3  4  5 |
---------------+----------------+-----
Ice Magic      | 1 2 3 |  3.6
Transmutations | 3 4 |  4.2
Spellcasting   | 3 |  3.9
Fighting       | |  1.0
Dodging        | |  2.0
Unarmed Combat | |  3.0

Action                   |  1- 3 |  4- 6 || total
-------------------------+-------+-------++-------
Melee: Unarmed           |    83 |    64 ||   147
       Constrict         |    27 |    10 ||    37
       Tentacles         |    13 |    10 ||    23
       Kick              |    19 |    19 ||    38
       Punch             |     3 |     1 ||     4
 Cast: Beastly Appendage |    23 |    17 ||    40
       Wereblood         |    10 |    17 ||    27
  Use: Scroll            |     3 |     2 ||     5
       Potion            |       |     3 ||     3
 Stab: Sleeping          |     5 |     1 ||     6
Armor: Skin              |     4 |     7 ||    11
Dodge: Dodged            |    49 |    29 ||    78
Block: Other             |    10 |       ||    10
       Reflection        |     1 |       ||     1

Table legend: (Time is in decaauts)
 A = Elapsed time spent in this place.
 B = Non-inter-level travel time spent in this place.
 C = Inter-level travel time spent in this place.
 D = Time resting spent in this place.
 E = Time spent auto-exploring this place.
 F = Levels seen in this place.
 G = Mean time per level.
                   A        B        C        D        E       F      G
               +--------+--------+--------+--------+--------+-----+--------+
         Total |   3510 |   3454 |     56 |    419 |   2469 |   6 |  585.0 |
       Dungeon |   3388 |   3347 |     41 |    419 |   2380 |   5 |  677.6 |
        Temple |    121 |    106 |     15 |      0 |     89 |   1 |  121.0 |
               +--------+--------+--------+--------+--------+-----+--------+

Top non-repeatable levels by time:
     D:2: 901 daAuts
     D:3: 877 daAuts
     D:1: 798 daAuts
     D:5: 679 daAuts
     D:4: 131 daAuts
  Temple: 121 daAuts
